 Dungeon Crawl Stone Soup version 0.16-a0-3834-g51c8674 (webtiles) character file.

8638 ketsa the Basher (level 11, -9/124 HPs)
             Began as a Demonspawn Berserker on Jan 29, 2015.
             Was a High Priest of Trog.
             Mangled by a profane servitor
             ... wielding a +1 whip
              (12 damage)
             ... on level 1 of the Abyss.
             The game lasted 00:38:42 (10592 turns).

ketsa the Basher (Demonspawn Berserker)            Turns: 10592, Time: 00:38:42

Health: -9/124     AC: 25    Str: 23      XL:     11   Next: 12%
Magic:  0/11       EV: 11    Int:  1 (6)  God:    Trog [*****.]
Gold:   606        SH:  0    Dex: 16      Spells: 0 memorised, 10 levels left

rFire  + . .     SeeInvis .     O - +3 flail (protect)
rCold  . . .     Clarity  .     P - +0 chain mail
rNeg   . . .     SustAb   .     (no shield)
rPois  +         Gourm    .     q - +2 hat
rElec  .         Spirit   +     M - +1 cloak
rCorr  .         Warding  .     G - +1 pair of gloves
rMut   .         Stasis   .     (no boots)
MR     .....                    o - amulet of guardian spirit
Stlth  ..........               (no ring)
                                Q - ring of poison resistance

@: mighty, berserking (expiring), very slightly contaminated, hasted, wreathed
by umbra, very quick, not resistant to hostile enchantments, extremely
unstealthy
A: hooves 1, yellow scales 2, dopey 1, fire resistance 1, powered by death 2,
flame cloud immunity
a: Burn Spellbooks, Berserk, Trog's Hand, Brothers in Arms, Renounce Religion


You were on level 1 of the Abyss.
You worshipped Trog.
Trog was extremely pleased with you.
You were not hungry.

You visited 2 branches of the dungeon, and saw 9 of its levels.
You visited the Abyss 1 time.
You also visited: Sewer.

You collected 606 gold pieces.

Inventory:

Hand weapons
 z - a +0 mace of freezing
 H - a +0 blowgun
 L - a +0 hunting sling of flaming
 O - a +3 flail of protection (weapon)
 R - a +1 spear of piercing
 V - a +1 antimagic great mace
Missiles
 d - 4 javelins
 f - 12 stones (quivered)
 g - 18 bolts
 m - 11 bolts of penetration
 I - 8 poisoned needles
Armour
 a - the cursed -5 robe of the Pirate {rF++ Str+4, unknown}
   (You found it on level 7 of the Dungeon)

   It affects your strength (+4).
   It greatly protects you from fire.
   It has a curse placed upon it.
 b - a +0 animal skin
 j - a +0 ring mail
 q - a +2 hat (worn)
 G - a +1 pair of gloves (worn)
 M - a +1 cloak (worn)
 P - a +0 chain mail (worn)
Jewellery
 o - an amulet of guardian spirit (around neck)
 u - an uncursed amulet of stasis
 y - an uncursed amulet of the gourmand
 N - an uncursed amulet of faith {unknown}
 Q - a ring of poison resistance (left hand)
Magical devices
 i - a wand of magic darts (31)
 T - a wand of lightning (6)
 X - a wand of frost (30)
 Z - a wand of disintegration (9)
Scrolls
 e - 7 scrolls of remove curse
 r - 2 scrolls of fear
 U - a scroll of magic mapping
Potions
 n - a potion of haste
 p - 2 potions of curing
 t - a potion of mutation
 x - 2 potions of ambrosia
 B - 2 potions of brilliance
 C - 2 potions of invisibility
 W - a potion of might
Comestibles
 c - 3 bread rations
 J - 2 meat rations


   Skills:
 + Level 6.6 Fighting
 * Level 11.4 Maces & Flails
 + Level 8.3 Armour
 - Level 6.0 Dodging


You had 10 spell levels left.
You didn't know any spells.

Dungeon Overview and Level Annotations

Branches:
Dungeon (8/15)             Temple (1/1) D:4            Lair (0/8) D:8

Altars:
Ashenzari
Cheibriados
Dithmenos
Elyvilon
Fedhas
Gozag
Kikubaaqudgha
Makhleb
Nemelex Xobeh
Okawaru
Qazlal
Ru
Sif Muna
Trog
Vehumet
Xom
Yredelemnul
Zin
The Shining One

Annotations:
D:8 Psyche


Innate Abilities, Weirdness & Mutations

You have large cloven feet.
You are mostly covered in yellow scales (AC +3).
Your flesh is heat resistant.
You can steal the life force of defeated enemies.
You are immune to clouds of flame.
You are dopey. (Int -2)


Message History

The profane servitor draws strength from your injuries!
The profane servitor hits you but does no damage.
You miss the profane servitor.
The profane servitor is moderately damaged.
The profane servitor hits you with an enchanted whip!
* * * LOW HITPOINT WARNING * * *
The profane servitor draws strength from your injuries!
The profane servitor hits you but does no damage.
You bludgeon the profane servitor!!
The profane servitor is moderately damaged.
The profane servitor hits you but does no damage. x2
You hit the profane servitor. You kick the profane servitor.
The profane servitor is moderately damaged.
You barely miss the profane servitor.
The profane servitor is moderately damaged.
The profane servitor hits you but does no damage. x2
You closely miss the profane servitor. You kick the profane servitor.
The profane servitor is moderately damaged.
The profane servitor hits you with an enchanted whip!
You die...

# .... . ...
.#...... ..
#....... .# ..
#....... . # #
..... #........
. ......
#........ ## .
. #..##........
.. ..
#...........# .
.#.
##...A@......#
###
.#####.#.......
...# #.. ...##
. ##.. #... .
### ##.. ## ##
##


You could see a profane servitor.

Vanquished Creatures
  2 tentacled starspawn (Abyss:1)
  An ugly thing (Abyss:1)
  An elephant (D:8)
  An ancient zyme (Abyss:1)
  A wyvern (D:8)
  5 yaks (D:8)
  A deep elf mage (D:5)
  2 neqoxecs (Abyss:1)
  A hungry ghost (D:5)
  A hippogriff (D:7)
  A black bear (D:8)
  An orc warrior (D:7)
  A sky beast (D:5)
  2 phantoms (D:8)
  An ice beast (D:6)
  4 ogres
  The ghost of gabygaby the Firebug, an average DrFE of Cheibriados (D:3)
  2 centaurs (D:6)
  2 crocodiles
  A big kobold (D:8)
  A giant frog (D:6)
  6 killer bees (D:7)
  A small abomination (Abyss:1)
  2 crimson imps
  2 goliath beetles (D:8)
  A jelly (D:8)
  2 gnoll shamans
  A hound (D:5)
  3 orc priests
  A quasit (D:7)
  A giant frog skeleton (D:6)
  An iron imp (Abyss:1)
  9 orc wizards
  2 iguanas
  5 worker ants
  A sheep (D:8)
  A hound skeleton (D:5)
  6 gnolls
  12 adders
  2 river rats (D:5)
  A white imp (Abyss:1)
  2 giant mites
  2 shadow imps
  3 worms (D:2)
  2 adder zombies
  An adder skeleton (D:4)
  5 giant geckos
  2 oozes
  33 orcs
  A ball python (D:1)
  9 bats
  A bat skeleton (D:4)
  A bat zombie (D:6)
  10 giant cockroaches
  8 goblins
  15 hobgoblins
  10 jackals
  16 kobolds
  3 quokkas
  A giant gecko zombie (D:5)
  8 giant newts
  A quokka skeleton (D:5)
  18 rats
  A ballistomycete (D:8)
  A starspawn tentacle (Abyss:1)
247 creatures vanquished.

Vanquished Creatures (others)
  A quokka (D:5)
  A giant spore (D:8)
  12 starspawn tentacles (Abyss:1)
  55 starspawn tentacle segments (Abyss:1)
69 creatures vanquished.

Grand Total: 316 creatures vanquished

Notes
Turn   | Place    | Note
--------------------------------------------------------------
     0 | D:1      | ketsa, the Demonspawn Berserker, began the quest for the Orb.
     0 | D:1      | Reached XP level 1. HP: 18/18 MP: 1/1
   243 | D:1      | Gained mutation: Your flesh is heat resistant. [demonic ancestry]
   243 | D:1      | Reached XP level 2. HP: 13/24 MP: 2/2
  1196 | D:1      | Acquired Trog's second power
  1344 | D:2      | Found a shadowy altar of Dithmenos.
  1386 | D:2      | Gained mutation: You can steal the life force of nearby defeated enemies. [demonic ancestry]
  1386 | D:2      | Reached XP level 3. HP: 16/29 MP: 3/3
  1970 | D:2      | Gained mutation: You can steal the life force of defeated enemies. [demonic ancestry]
  1970 | D:2      | Reached XP level 4. HP: 19/35 MP: 4/4
  1984 | D:2      | Found an iron altar of Okawaru.
  2587 | D:3      | Found an ancient bone altar of Kikubaaqudgha.
  2631 | D:3      | Found a deep blue altar of Sif Muna.
  2631 | D:3      | Found a glowing silver altar of Zin.
  2633 | D:3      | Found a bloodstained altar of Trog.
  2667 | D:3      | Noticed gabygaby's ghost (average DrFE)
  2717 | D:3      | Killed gabygaby's ghost
  2717 | D:3      | Reached skill level 4 in Maces & Flails
  2717 | D:3      | Gained mutation: You are partially covered in yellow scales (AC +2). [demonic ancestry]
  2717 | D:3      | Reached XP level 5. HP: 38/41 MP: 3/5
  3228 | D:4      | Noticed a troll
  3343 | D:4      | Noticed an ogre
  3351 | D:4      | Killed an ogre
  3351 | D:4      | Reached XP level 6. HP: 41/47 MP: 4/6
  3691 | D:4      | Reached skill level 5 in Maces & Flails
  3994 | D:4      | Found a staircase to the Ecumenical Temple.
  4079 | Temple   | Entered the Ecumenical Temple
  4480 | D:4      | Gained mutation: You have large cloven feet. [demonic ancestry]
  4480 | D:4      | Reached XP level 7. HP: 26/52 MP: 5/7
  4709 | D:5      | Entered Level 5 of the Dungeon
  4787 | D:5      | Noticed a deep elf mage
  4803 | D:5      | Killed a deep elf mage
  4843 | D:5      | Acquired Trog's third power
  4878 | D:5      | Found a white marble altar of Elyvilon.
  5156 | D:5      | Reached skill level 6 in Maces & Flails
  5180 | D:5      | Found a glowing drain.
  5219 | Sewer    | Entered a sewer
  5606 | D:5      | Gained mutation: You are immune to clouds of flame. [demonic ancestry]
  5606 | D:5      | Reached XP level 8. HP: 33/58 MP: 2/8
  5788 | D:5      | Found a sacrificial altar of Ru.
  6534 | D:6      | Reached skill level 5 in Armour
  6605 | D:6      | Found a blossoming altar of Fedhas.
  6929 | D:6      | Reached skill level 7 in Maces & Flails
  6996 | D:6      | Reached skill level 5 in Dodging
  7905 | D:7      | Got a tattered robe
  7982 | D:7      | Reached skill level 8 in Maces & Flails
  8131 | D:7      | Reached XP level 9. HP: 56/63 MP: 7/9
  8550 | D:7      | Found a deep blue altar of Sif Muna.
  8761 | D:7      | Received a gift from Trog
  8837 | D:8      | Noticed Psyche
  8876 | D:8      | Found a radiant altar of Vehumet.
  9078 | D:8      | Reached skill level 9 in Maces & Flails
  9314 | D:8      | Found a staircase to the Lair.
  9314 | D:8      | Noticed an elephant
  9360 | D:8      | Killed an elephant
  9456 | D:8      | Reached XP level 10. HP: 73/73 MP: 8/10
  9850 | D:8      | Reached skill level 10 in Maces & Flails
  9980 | D:8      | Cast into the Abyss (Psyche)
 10092 | Abyss:1  | Noticed a red ugly thing
 10093 | Abyss:1  | Noticed a red very ugly thing
 10113 | Abyss:1  | Killed a red ugly thing
 10113 | Abyss:1  | Reached skill level 5 in Fighting
 10317 | Abyss:1  | Noticed an eidolon
 10318 | Abyss:1  | Noticed a tentacled starspawn
 10326 | Abyss:1  | Gained mutation: You are dopey. (Int -2) [a neqoxec]
 10327 | Abyss:1  | Noticed a starcursed mass
 10361 | Abyss:1  | Found a corrupted altar of Lugonu.
 10374 | Abyss:1  | Found a corrupted altar of Lugonu.
 10383 | Abyss:1  | Noticed a rakshasa
 10396 | Abyss:1  | Noticed a tentacled starspawn
 10447 | Abyss:1  | Killed a tentacled starspawn
 10447 | Abyss:1  | Reached skill level 11 in Maces & Flails
 10510 | Abyss:1  | Noticed a large abomination
 10516 | Abyss:1  | Noticed a worldbinder
 10522 | Abyss:1  | Noticed a tentacled starspawn
 10528 | Abyss:1  | Killed a tentacled starspawn
 10528 | Abyss:1  | Gained mutation: You are mostly covered in yellow scales (AC +3). [demonic ancestry]
 10528 | Abyss:1  | Reached XP level 11. HP: 74/83 MP: 7/11
 10544 | Abyss:1  | Noticed a profane servitor
 10588 | Abyss:1  | HP: 3/124 [profane servitor/enchanted whip (6)]
 10592 | Abyss:1  | Mangled by a profane servitor

Action                   |  1- 3 |  4- 6 |  7- 9 | 10-12 || total
-------------------------+-------+-------+-------+-------++-------
Melee: Mace              |   171 |   179 |       |       ||   350
       Flail             |       |    43 |   620 |   215 ||   878
       Great mace        |       |       |    40 |       ||    40
 Fire: Blowgun           |       |       |     8 |       ||     8
Throw: Stone             |       |       |       |     2 ||     2
Invok: Berserk           |       |     4 |     7 |     6 ||    17
       Trog's Hand       |       |       |     1 |     2 ||     3
  Use: Scroll            |       |     2 |     5 |    20 ||    27
       Potion            |       |       |       |     8 ||     8
 Stab: Fleeing           |       |       |       |     1 ||     1
  Eat: Chunk             |     3 |    11 |    19 |     2 ||    35
       Fruit             |       |     2 |     3 |       ||     5
       Pizza             |       |       |     3 |       ||     3
       Meat ration       |       |       |       |     1 ||     1
       Bread ration      |       |       |       |     1 ||     1
